 Dungeon Crawl Stone Soup version 0.30-a0-860-g512cf1e979 (webtiles) character file.

Game seed: 13238461603551705148

590 browni3141 the Cutter (level 7, -3/41 HPs)
             Began as a Kobold Artificer on Mar 7, 2023.
             Slain by Grinder (5 damage)
             ... while paralysed by Grinder
             ... on level 4 of the Dungeon.
             The game lasted 00:05:18 (4213 turns).

browni3141 the Cutter (Kobold Artificer)            Turns: 4213, Time: 00:05:18

Health: -3/41      AC:  3    Str:  8    XL:     7   Next: 66%
Magic:  7/7        EV:  3    Int: 17    God:
Gold:   159        SH:  0    Dex: 16    Spells: 6/6 levels left

rFire   . . .      SeeInvis .    i - +1 dagger (venom)
rCold   . . .      Faith    .    (no shield)
rNeg    . . .      Spirit   .    b - +0 leather armour
rPois   .          Reflect  .    (helmet restricted)
rElec   .          Rampage  .    (no cloak)
rCorr   .                        (no gloves)
Will    +....                    (no boots)
Stlth   ++++                     (no amulet)
HPRegen 0.26/turn                m - ring of willpower
MPRegen 0.10/turn                (no ring)

@: paralysed
A: small, no large weapons, nightstalker 3, horns 1, clever 1
a: no special abilities


You were on level 4 of the Dungeon.
You visited 1 branch of the dungeon, and saw 4 of its levels.

You collected 159 gold pieces.

Inventory:

Hand Weapons
 a - a +0 club
 g - a +1 short sword of draining
 i - a +1 dagger of venom (weapon)
 j - a +0 dagger
Missiles
 q - 2 throwing nets
Armour
 b - a +0 leather armour (worn)
Jewellery
 m - a ring of willpower (left hand)
 o - a ring of see invisible
Wands
 c - a wand of flame (24) (quivered)
 d - a wand of charming (14)
 e - a wand of iceblast (2)
Scrolls
 f - a scroll of poison {unknown}
 h - 2 scrolls of identify {unknown}
 k - 2 scrolls of teleportation {unknown}
 r - a scroll of enchant weapon {unknown}
Potions
 l - 2 potions of lignification {unknown}
 n - a potion of heal wounds {unknown}
 p - a potion of resistance {unknown}


   Skills:
 + Level 3.3 Fighting
 + Level 5.5 Short Blades
 - Level 1.0 Armour
 - Level 4.0 Dodging
 + Level 5.4 Stealth
 + Level 5.0 Evocations


You had 6 spell levels left.
You didn't know any spells.
Your spell library contained the following spells:

 Spells                   Type           Power      Damage    Failure   Level
 Ensorcelled Hibernation  Hex/Ice        0%         N/A       45%         2
 Passwall                 Tmut/Erth      0%         N/A       45%         2
 Call Canine Familiar     Summ           0%         N/A       69%         3
 Kindle Blastsparks       Fire/Tloc/Air  0%         2d10      69%         3
 Portal Projectile        Hex/Tloc       0%         N/A       69%         3
 Swiftness                Air            0%         N/A       69%         3
 Fulminant Prism          Conj/Hex       0%         3d5       97%         4
 Iskenderun's Mystic Bla  Conj/Tloc      0%         2d3       97%         4
 Leda's Liquefaction      Hex/Erth       0%         N/A       97%         4
 Lee's Rapid Deconstruct  Erth           0%         3d4*      100%        5


Dungeon Overview and Level Annotations

Branches:
Dungeon (4/15)
 Temple: D:4-7

Altars:

Shops:
D:1 [   D:2 [

Annotations:
D:3 3 runed translucent doors, Rocko1345's ghost, amateur DsFi
D:4 Grinder


Innate Abilities, Weirdness & Mutations

You are small and have problems with some larger weapons.
You are completely attuned to the shadows.
You have a pair of small horns on your head.
Your mind is acute. (Int +4, Str/Dex -1)


Message History

You hear a shout!
You hit Grinder. Your headbutt misses Grinder.
Grinder is severely wounded.
Grinder barely misses you.
You hit Grinder.
Grinder is poisoned.
Grinder is severely wounded.
You closely miss Grinder. You headbutt Grinder.
Grinder is severely wounded.
Grinder gestures at you. You resist with almost no effort.
You hit Grinder but do no damage.
Grinder is almost dead.
Grinder gestures at you. You resist with some effort.
An orc wizard comes into view. It is wielding a +0 war axe.
You hit Grinder but do no damage.
Grinder is almost dead.
Grinder closely misses you.
The orc wizard hits you with a +0 war axe.
You see here an iguana corpse.
You barely miss Grinder. Your headbutt misses Grinder.
Grinder is almost dead.
You barely miss Grinder.
Grinder is almost dead.
Grinder blinks!
The orc wizard hits you but does no damage.
You hit the orc wizard but do no damage.
Your headbutt misses the orc wizard. Grinder gestures at you.
You suddenly lose the ability to move!
The orc wizard hits you with a +0 war axe.
Grinder gestures at you. Pain shoots through your body!
The orc wizard points at you and mumbles some strange words.
The magic dart hits you!
* * * LOW HITPOINT WARNING * * *
The orc wizard hits you with a +0 war axe.
* * * LOW HITPOINT WARNING * * *
Grinder hits you.
You die...

#. ... #.# #'# #.#
####.########o#
#........#.#@#
####....)#.#.#†#5#
#........'#.#.#)#.#
#.#######'########.#
#.#≈≈≈≈≈≈.§§§≈≈≈# #.
#.#≈........§..≈#
#.#§........§..≈#
.#...
#.#≈..#######..≈#
.#.#.#+
#.#§..#######..≈#
.#.....#


You could see Grinder (poisoned) and an orc wizard.

Vanquished Creatures
  Duvessa (D:4)
  A black bear (D:4)
  An ogre (D:4)
  A scorpion (D:4)
  Dowan (D:4)
  An orc priest (D:3)
  Terence (D:3)
  4 gnolls (D:4)
  2 adders
  3 worms (D:2)
  4 dart slugs
  9 orcs
  13 endoplasms
  3 giant cockroaches (D:1)
  4 goblins
  4 hobgoblins
  7 jackals
  4 kobolds
  2 quokkas (D:2)
  7 ball pythons
  2 bats
  2 frilled lizards (D:2)
  3 rats (D:1)
80 creatures vanquished.

Vanquished Creatures (others)
  An iguana (D:4)
  14 fungi (D:4)
15 creatures vanquished.

Grand Total: 95 creatures vanquished

Notes
Turn   | Place    | Note
-------+----------+-------------------------------------------
     0 | D:1      | browni3141 the Kobold Artificer began the quest for the
                  | Orb.
     0 | D:1      | Reached XP level 1. HP: 12/12 MP: 1/1
   146 | D:1      | Reached skill level 1 in Armour
   146 | D:1      | Reached XP level 2. HP: 17/17 MP: 2/2
   530 | D:1      | Reached XP level 3. HP: 20/21 MP: 3/3
  1105 | D:1      | Found Ruvvyvob's Antique Armour Boutique.
  1602 | D:2      | Found Marhu Goqo's Antique Armour Shoppe.
  1677 | D:2      | Found a faded altar of an unknown god.
  1760 | D:2      | Reached XP level 4. HP: 26/26 MP: 4/4
  1888 | D:2      | Gained mutation: Your mind is acute. (Int +4, Str/Dex -1)
                  | [potion of mutation]
  1888 | D:2      | Gained mutation: You have a pair of small horns on your
                  | head. [potion of mutation]
  2007 | D:2      | Reached skill level 1 in Short Blades
  2443 | D:3      | Found a runed translucent gate.
  2445 | D:3      | Found a runed translucent gate.
  2445 | D:3      | Noticed Rocko1345's ghost (amateur DsFi)
  2816 | D:3      | Noticed Terence
  2819 | D:3      | Killed Terence
  2820 | D:3      | Reached XP level 5. HP: 30/30 MP: 5/5
  3072 | D:3      | Found a runed translucent gate.
  3090 | D:3      | Noticed a kobold brigand
  3514 | D:3      | Identified the +9 dagger of Makhleb {venom, Str+4 Int+2}
  3553 | D:4      | Reached XP level 6. HP: 30/35 MP: 6/6
  3625 | D:4      | Noticed an ogre
  3635 | D:4      | Killed an ogre
  3654 | D:4      | Noticed Duvessa
  3655 | D:4      | Noticed Dowan
  3661 | D:4      | Killed Duvessa
  3662 | D:4      | Reached skill level 5 in Short Blades
  3662 | D:4      | Reached XP level 7. HP: 17/40 MP: 7/7
  3664 | D:4      | Killed Dowan
  3665 | D:4      | Reached skill level 5 in Stealth
  4171 | D:4      | Reached skill level 5 in Evocations
  4186 | D:4      | Noticed Grinder
  4210 | D:4      | Paralysed by Grinder for 5 turns
  4212 | D:4      | HP: 2/41 [orc wizard/+0 war axe (6)]
  4213 | D:4      | Slain by Grinder

Illustrated notes

Levels and vault maps discovered:
D:1:      onia_arrival_handbag, layout_basic, serial_shops,
          nicolae_shop_behind_doors, fountainhead, minmay_misc_feat_diagonals
D:2:      minmay_recursive_quarters, layout_basic,
          hellmonk_ecumenical_altar_lost_god, serial_shops,
          nicolae_shop_hallway_plus
D:3:      cheibrodos_pilgrimage, layout_loops_corners,
          gammafunk_ghost_nasty_kobolds, uniq_terence
D:4:      layout_basic, serial_aquarium, aquarium_bridge_long_separate
          [aquarium_subvault_window, aquarium_subvault_bridge,
          aquarium_subvault_bridge, aquarium_subvault_wall,
          aquarium_subvault_bridge, aquarium_subvault_wall],
          aquarium_bridge_square [aquarium_subvault_bridge,
          aquarium_subvault_bridge, aquarium_subvault_bridge,
          aquarium_subvault_bridge], aquarium_window_corridor_1,
          aquarium_window_fake, aquarium_window_2, aquarium_window_fake,
          aquarium_view_2b, aquarium_view_2e, aquarium_pool_four,
          hangedman_abyss_or_decor_passed, glass_columns_a, kennysheep_path_1,
          uniq_grinder, uniq_duvessa

Skill      XL: |  1  2  3  4  5  6  7 |
---------------+----------------------+-----
Fighting       | 2 3 |  3.3
Armour         | 1 |  1.0
Dodging        | 3 4 |  4.0
Stealth        | 2 3 4 5 |  5.4
Evocations     | 4 5 |  5.0
Short Blades   | 2 4 5 |  5.5

Action                     |  1- 3 |  4- 6 |  7- 9 || total
---------------------------+-------+-------+-------++-------
  Melee: Club              |   160 |       |       ||   160
         Punch             |     1 |     1 |     1 ||     3
         Dagger            |    42 |    84 |    35 ||   161
         Headbutt          |       |     9 |     3 ||    12
  Evoke: Wand              |     1 |     7 |     8 ||    16
    Use: Potion            |       |     2 |       ||     2
   Stab: Sleeping          |    19 |    15 |     4 ||    38
         Distracted        |       |     1 |       ||     1
 Armour: Leather armour    |    44 |     6 |     1 ||    51
  Dodge: Dodged            |   163 |    42 |    16 ||   221

Table legend: (Time is in decaauts)
 A = Elapsed time spent in this place.
 B = Non-inter-level travel time spent in this place.
 C = Inter-level travel time spent in this place.
 D = Time resting spent in this place.
 E = Time spent auto-exploring this place.
 F = Levels seen in this place.
 G = Mean time per level.
                   A        B        C        D        E       F      G
               +--------+--------+--------+--------+--------+-----+--------+
         Total |   4243 |   4144 |     99 |    122 |   3210 |   4 | 1060.8 |
       Dungeon |   4243 |   4144 |     99 |    122 |   3210 |   4 | 1060.8 |
               +--------+--------+--------+--------+--------+-----+--------+

Top non-repeatable levels by time:
     D:1: 1390 daAuts
     D:2: 1093 daAuts
     D:3: 1092 daAuts
     D:4: 666 daAuts
